 Dungeon Crawl Stone Soup version 0.20.0-14-g326068f (webtiles) character file.

753 Darkell the Frost Mage (level 7, -16/46 HPs)
             Began as a Demonspawn Ice Elementalist on June 9, 2017.
             Demolished by a two-headed ogre
             ... wielding a cursed -2 giant spiked club
              (22 damage)
             ... on level 4 of the Dungeon.
             The game lasted 00:05:11 (5506 turns).

Darkell the Frost Mage (DsIE)                       Turns: 5506, Time: 00:05:12

Health: -16/46     AC:  3    Str:  8    XL:     7   Next: 49%
Magic:  10/10      EV: 15    Int: 18    God:
Gold:   132        SH:  0    Dex: 14    Spells: 2/10 levels left

rFire    . . .     SeeInvis .   v - +3 dagger (vamp)
rCold    . . .     Gourm    .   (no shield)
rNeg     . . .     Faith    .   a - +0 robe
rPois    .         Spirit   .   (helmet restricted)
rElec    .         Reflect  .   (no cloak)
rCorr    .         Harm     .   i - +0 pair of gloves
MR       .....                  (no boots)
Stlth    +++.......             (no amulet)
Regen    0.2/turn               (no ring)
MPRegen  0.2/turn               (no ring)

@: no status effects
A: antennae 2, repulsion field 2, nightstalker 1
a: no special abilities


You were on level 4 of the Dungeon.
You were very hungry.

You visited 1 branch of the dungeon, and saw 5 of its levels.

You collected 132 gold pieces.

Inventory:

Hand Weapons
 o - a +0 short sword
 r - a +0 blowgun
 v - a +3 vampiric dagger (weapon)
Missiles
 s - 3 curare-tipped needles
Armour
 a - a +0 robe (worn)
 i - a +0 pair of gloves (worn)
Jewellery
 j - an uncursed ring of protection from cold {unknown}
 u - a +5 ring of strength {unknown}
Scrolls
 e - 2 scrolls of recharging {unknown}
 f - 2 scrolls of teleportation {unknown}
 g - 2 scrolls of random uselessness {unknown}
 h - a scroll of enchant weapon {unknown}
 k - 2 scrolls of remove curse {unknown}
 l - a scroll of identify {unknown}
 m - a scroll of magic mapping {unknown}
 p - a scroll of immolation {unknown}
 x - a scroll of amnesia {unknown}
Potions
 n - a potion of berserk rage {unknown}
 q - a potion of ambrosia
 t - a potion of heal wounds {unknown}
 w - a potion of resistance {unknown}
 z - a potion of might {unknown}
 A - a potion of invisibility {unknown}
Books
 b - a book of Frost

   Spells                             Type                      Level
   a - Freeze                         Ice                          1
   b - Throw Frost                    Conjuration/Ice              2
   c - Ozocubu's Armour               Charms/Ice                   3
   d - Throw Icicle                   Conjuration/Ice              4
   e - Summon Ice Beast               Ice/Summoning                4
Comestibles
 c - 2 bread rations
 d - 4 meat rations
 B - a royal jelly


   Skills:
 + Level 1.9 Dodging
 - Level 1.7 Stealth
 + Level 2.1 Spellcasting
 - Level 1.0 Conjurations
 - Level 8.1 Ice Magic


You had 2 spell levels left.
You knew the following spells:

 Your Spells              Type           Power        Failure   Level  Hunger
a - Freeze                Ice            ####         1%          1    #......
b - Ozocubu's Armour      Chrm/Ice       ###.....     10%         3    ###....
c - Throw Icicle          Conj/Ice       ###.....     26%         4    #####..


Dungeon Overview and Level Annotations

Branches:
Dungeon (5/15)
 Temple: D:4-7

Altars:


Innate Abilities, Weirdness & Mutations

You have a pair of antennae on your head.
You are surrounded by a moderate repulsion field. (EV +3)
You are slightly more attuned to the shadows.


Message History

A two-headed ogre comes into view. It is wielding two giant spiked clubs.
A leopard gecko comes into view.
There are monsters nearby!
There are monsters nearby!
There are monsters nearby!
The two-headed ogre shouts in stereo!
The leopard gecko hisses angrily.
The two-headed ogre closely misses you.
The two-headed ogre hits you with a giant spiked club!
There is a stone staircase leading up here.
The two-headed ogre closely misses you. The two-headed ogre misses you.
You climb upwards.
There is a stone staircase leading down here.
The two-headed ogre barely misses you.
The two-headed ogre hits you with a giant spiked club!
The two-headed ogre hits you with a giant spiked club!
* * * LOW HITPOINT WARNING * * *
The two-headed ogre closely misses you.
There is a stone staircase leading up here.
The two-headed ogre hits you with a giant spiked club!!
You die...

...##.........#(((#..............
...##.........#$(:#..............
...8####......#####.......#....##
...########.....................#
...#..# #..<....................#
......# #.#.#.#..####...........#
####..# #.#............#....#####
#..###.#.#.######...#....#....
#......#.#...@......#....'....
##..####.####O........#.##....
##.# #......#######.#.##....
#####'####.####.# #>#.##....
##..........# #.# #.#.##....
.#..........####.# #.#.##....
#############....# #...##....
#8###8###8###....# ######....
...........##...## #....


You could see a two-headed ogre.

Vanquished Creatures
  2 ogres
  2 scorpions (D:4)
  A quasit (D:3)
  4 hounds
  A bullfrog skeleton (D:5)
  2 iguanas
  4 worker ants
  A hound skeleton (D:4)
  6 adders
  3 oozes
  An adder skeleton (D:5)
  An adder zombie (D:2)
  A worm (D:3)
  A dart slug (D:3)
  3 leopard geckos
  5 orcs
  2 bats
  3 giant cockroaches
  7 goblins
  4 hobgoblins
  6 jackals
  3 quokkas
  A ball python (D:5)
  7 frilled lizards
  7 kobolds
  A leopard gecko skeleton (D:2)
  A quokka zombie (D:2)
  9 rats
89 creatures vanquished.

Notes
Turn   | Place    | Note
-------+----------+-------------------------------------------
     0 | D:1      | Darkell the Demonspawn Ice Elementalist began the quest for the Orb.
     0 | D:1      | Reached XP level 1. HP: 13/13 MP: 3/3
   243 | D:1      | Reached skill level 3 in Ice Magic
   265 | D:1      | Gained mutation: You have a pair of small antennae on your head. [demonic ancestry]
   265 | D:1      | Reached XP level 2. HP: 19/19 MP: 0/5
   891 | D:2      | Gained mutation: You have a pair of antennae on your head. [demonic ancestry]
   891 | D:2      | Reached XP level 3. HP: 24/24 MP: 0/6
  1311 | D:2      | Reached skill level 4 in Ice Magic
  1737 | D:2      | Learned a level 3 spell: Ozocubu's Armour
  2024 | D:2      | Gained mutation: You are surrounded by a mild repulsion field. (EV +2) [demonic ancestry]
  2024 | D:2      | Reached XP level 4. HP: 19/30 MP: 7/7
  2581 | D:3      | Reached skill level 5 in Ice Magic
  3217 | D:3      | Gained mutation: You are surrounded by a moderate repulsion field. (EV +3) [demonic ancestry]
  3217 | D:3      | Reached XP level 5. HP: 35/35 MP: 2/8
  3819 | D:4      | Reached skill level 6 in Ice Magic
  3983 | D:4      | Gained mutation: You are slightly more attuned to the shadows. [demonic ancestry]
  3983 | D:4      | Reached XP level 6. HP: 37/41 MP: 5/9
  4501 | D:4      | Learned a level 4 spell: Throw Icicle
  4511 | D:4      | Reached skill level 7 in Ice Magic
  4695 | D:4      | Reached XP level 7. HP: 33/46 MP: 7/10
  4962 | D:5      | Entered Level 5 of the Dungeon
  5217 | D:5      | Reached skill level 8 in Ice Magic
  5458 | D:5      | Noticed a two-headed ogre
  5506 | D:4      | Demolished by a two-headed ogre

Skill      XL: |  1  2  3  4  5  6  7 |
---------------+----------------------+-----
Ice Magic      | 3 4 5 6 7 8 |  8.1
Dodging        | |  1.9
Stealth        | |  1.7
Spellcasting   | |  2.1
Conjurations   | |  1.0

Action                   |  1- 3 |  4- 6 |  7- 9 || total
-------------------------+-------+-------+-------++-------
Melee: Unarmed           |    13 |       |       ||    13
       Short sword       |    17 |    23 |       ||    40
       Dagger            |       |    25 |    33 ||    58
 Cast: Freeze            |    54 |    70 |    29 ||   153
       Ozocubu's Armour  |       |     1 |     1 ||     2
  Use: Potion            |       |     1 |       ||     1
 Stab: Sleeping          |     1 |     4 |     1 ||     6
  Eat: Chunk             |     3 |     8 |     2 ||    13
       Meat ration       |       |     1 |       ||     1
       Royal jelly       |       |     1 |       ||     1
Armor: Robe              |    13 |    15 |     7 ||    35
Dodge: Dodged            |    54 |    91 |    48 ||   193
